 Dungeon Crawl Stone Soup version 0.27-a0-1071-ga85bd9520d (webtiles) character file.

Game seed: 2471730190445457319

2664 leviel the Cleaver (level 9, -1/79 HPs)
             Began as a Minotaur Fighter on Apr 24, 2021.
             Was a Priest of Okawaru.
             Slain by a very large slime creature (58 damage)
             ... on level 6 of the Dungeon.
             The game lasted 00:09:26 (7721 turns).

leviel the Cleaver (Minotaur Fighter)               Turns: 7721, Time: 00:09:26

Health: -1/79      AC: 11    Str: 24    XL:     9   Next: 36%
Magic:  9/9        EV:  8    Int:  5    God:    Okawaru [***...]
Gold:   349        SH: 11    Dex: 10    Spells: 8/8 levels left

rFire    . . .     SeeInvis .   a - +0 war axe (protect)
rCold    . . .     Faith    .   c - +0 kite shield
rNeg     . . .     Spirit   .   p - +0 scale mail
rPois    .         Reflect  .   (helmet restricted)
rElec    .         Harm     .   j - +2 cloak {Stlth+}
rCorr    .         Rampage  .   (no gloves)
Will     .....                  (no boots)
Stlth    +.........             (no amulet)
HPRegen  0.23/turn              (no ring)
MPRegen  0.11/turn              (no ring)

@: about to teleport
A: horns 2, retaliatory headbutt
a: Renounce Religion, Heroism


You were on level 6 of the Dungeon.
You worshipped Okawaru.
Okawaru was most pleased with you.
You visited 1 branch of the dungeon, and saw 7 of its levels.

You collected 349 gold pieces.

Inventory:

Hand Weapons
 a - a +0 war axe of protection (weapon)
 b - the +9 heavy crossbow "Sniper" {vorpal, Acc+∞ SInv}
   (You found it on level 6 of the Dungeon)

   Any bolt fired from it inflicts extra damage.
   It lets you see invisible.
 q - a +1 whip of flaming
Missiles
 s - 26 bolts
 v - 7 atropa-tipped darts (quivered)
Armour
 c - a +0 kite shield (worn)
 j - a +2 cloak of stealth (worn)
 p - a +0 scale mail (worn)
Wands
 m - a wand of flame (17)
 n - a wand of charming (6)
 t - a wand of iceblast (3)
Scrolls
 d - a scroll of magic mapping {unknown}
 r - a scroll of fog
 w - a scroll of identify
Potions
 e - 2 potions of attraction
 f - a potion of curing {unknown}
 h - a potion of resistance {unknown}
 i - 2 potions of brilliance
 k - a potion of invisibility
 l - a potion of haste
 o - a potion of degeneration {unknown}
 u - a potion of mutation
 x - a potion of flight {unknown}


   Skills:
 + Level 7.6 Fighting
 * Level 9.6 Axes
 + Level 1.8 Crossbows
 + Level 7.5 Armour
 + Level 7.6 Shields
 + Level 1.5 Invocations
 + Level 1.3 Evocations


You had 8 spell levels left.
You didn't know any spells.
Your spell library contained the following spells:

 Spells                   Type           Power      Damage    Failure   Level
 Summon Small Mammal      Summ           0%         N/A       97%         1
 Call Imp                 Summ           0%         N/A       99%         2
 Call Canine Familiar     Summ           0%         N/A       100%        3
 Confusing Touch          Hex            0%         N/A       100%        3
 Gell's Gravitas          Tloc           0%         N/A       100%        3
 Summon Guardian Golem    Hex/Summ       0%         N/A       100%        3
 Petrify                  Tmut/Erth      0%         N/A       100%        4
 Summon Ice Beast         Ice/Summ       0%         N/A       100%        4
 Summon Lightning Spire   Summ/Air       0%         N/A       100%        4
 Metabolic Englaciation   Hex/Ice        0%         N/A       100%        5
 Yara's Violent Unravell  Hex/Tmut       0%         3d3       100%        5


Dungeon Overview and Level Annotations

Branches:
Dungeon (7/15)
 Temple: D:4-7

Altars:
Fedhas
Okawaru
Vehumet
Yredelemnul

Annotations:
D:4 Grinder


Innate Abilities, Weirdness & Mutations

You have a pair of horns on your head.
You reflexively headbutt those who attack you in melee.


Message History

Found 15 stones.
A slime creature is nearby!
The slime creature quivers.
The slime creature hits you but does no damage.
Your scale mail prevents you from hitting the slime creature.
The slime creature quivers.
The slime creature hits you.
Your shield and scale mail prevent you from hitting the slime creature.
The slime creature quivers.
You headbutt the slime creature!
The slime creature is lightly wounded.
The slime creature barely misses you.
The slime creature hits you but does no damage.
You hit the slime creature.
Your weapon exudes an aura of protection.
The slime creature is lightly wounded.
Two slime creatures merge to form a large slime creature.
You hit the large slime creature.
The large slime creature is lightly wounded.
Two slime creatures merge to form a very large slime creature.
You hit the very large slime creature.
You headbutt the very large slime creature.
The very large slime creature is lightly wounded.
The slime creature quivers.
There is an open door here.
There is an open door here.
Things that are here:
a +0 flail; a +0 dagger; a +0 robe
Things that are here:
a +0 dagger; a +0 robe; an orc corpse
There is a stone staircase leading up here.
The very large slime creature barely misses you.
You climb upwards.
There is a stone staircase leading down here.
As you read the scroll of teleportation, it crumbles to dust.
You feel strangely unstable.
The very large slime creature hits you!!
The very large slime creature hits you!!!
Ouch! That really hurt!
You die...

.#....#.......##
......###......#
.............#.#
.#.............##
##..[...##..#...####
.........#..#....#.##
#...)............#..##
##))...........J>....#
#........#......@...##
.........###.......##
#........##....[..##
.................##
......#......####.#
.#)#.##......#.#..###
.#...#..............#
##..........##....###
....##......#.....#


You could see a very large slime creature.

Vanquished Creatures
  Pikel (D:5)
  Duvessa (D:6)
  A water moccasin (D:6)
  A black bear (D:6)
  3 ogres
  A centaur (D:6)
  A phantom (D:5)
  A wyvern zombie (D:6)
  2 scorpions
  A bullfrog (D:5)
  A gnoll sergeant (D:5)
  Dowan (D:6)
  A water moccasin zombie (D:6)
  A water moccasin skeleton (D:5)
  A centaur zombie (D:6)
  A howler monkey (D:5)
  A bullfrog zombie (D:6)
  5 hounds
  2 jellies
  Crazy Yiuf (D:2)
  3 orc priests
  2 gnoll shamans
  A centaur skeleton (D:6)
  2 iguanas
  2 orc wizards (D:7)
  Natasha (thrice) (D:3)
  3 hound skeletons
  16 gnolls
  5 adders
  2 white imps
  An adder zombie (D:2)
  An adder skeleton (D:4)
  4 worms
  2 dart slugs
  17 orcs
  3 endoplasms
  A giant cockroach (D:3)
  6 goblins
  5 hobgoblins
  9 jackals
  12 kobolds
  3 quokkas
  5 ball pythons
  6 bats
  4 frilled lizards
  7 rats
153 creatures vanquished.

Vanquished Creatures (others)
  An ice beast (D:5)
  Ijyb (D:5)
2 creatures vanquished.

Grand Total: 155 creatures vanquished

Notes
Turn   | Place    | Note
-------+----------+-------------------------------------------
     0 | D:1      | leviel the Minotaur Fighter began the quest for the Orb.
     0 | D:1      | Reached XP level 1. HP: 19/19 MP: 0/0
   332 | D:1      | Reached XP level 2. HP: 27/27 MP: 1/1
   786 | D:2      | Reached skill level 3 in Axes
   786 | D:2      | Reached XP level 3. HP: 30/33 MP: 2/2
   860 | D:2      | Reached XP level 4. HP: 3/41 MP: 3/3
  1367 | D:2      | Reached skill level 4 in Axes
  1573 | D:2      | Found a runed translucent door.
  1574 | D:2      | Noticed Crazy Yiuf
  2046 | D:2      | Killed Crazy Yiuf
  2047 | D:2      | Reached XP level 5. HP: 9/47 MP: 4/4
  3063 | D:3      | Noticed Natasha
  3067 | D:3      | Killed Natasha
  3146 | D:3      | Noticed Natasha
  3158 | D:3      | Killed Natasha
  3159 | D:3      | Reached skill level 5 in Fighting
  3159 | D:3      | Reached skill level 5 in Axes
  3166 | D:3      | Noticed Natasha
  3168 | D:3      | Found an iron altar of Okawaru.
  3171 | D:3      | Killed Natasha
  3172 | D:3      | Reached XP level 6. HP: 33/56 MP: 5/5
  3180 | D:3      | Became a worshipper of Warmaster Okawaru
  3628 | D:3      | Reached skill level 5 in Armour
  3628 | D:3      | Reached skill level 5 in Shields
  3718 | D:4      | Found a radiant altar of Vehumet.
  3803 | D:4      | Reached XP level 7. HP: 57/61 MP: 6/6
  3840 | D:4      | Reached skill level 6 in Axes
  3911 | D:4      | Noticed Grinder
  3919 | D:4      | Paralysed by Grinder for 7 turns
  3943 | D:5      | Entered Level 5 of the Dungeon
  4320 | D:5      | Noticed Pikel
  4326 | D:5      | Reached * piety under Okawaru
  4363 | D:5      | Killed Pikel
  4363 | D:5      | Reached ** piety under Okawaru
  4364 | D:5      | Reached skill level 7 in Axes
  4364 | D:5      | Reached XP level 8. HP: 39/71 MP: 7/7
  4539 | D:5      | Found a runed translucent door.
  4552 | D:5      | Found a basalt altar of Yredelemnul.
  4607 | D:5      | Reached skill level 8 in Axes
  4660 | D:5      | Killed Ijyb
  4913 | D:5      | Found a blossoming altar of Fedhas.
  4963 | D:5      | Reached *** piety under Okawaru
  5356 | D:5      | Received a gift from Okawaru
  5757 | D:6      | Reached skill level 9 in Axes
  6268 | D:6      | Found the +9 heavy crossbow "Sniper" {vorpal, Acc+∞ SInv}
  6349 | D:6      | Reached XP level 9. HP: 79/79 MP: 8/8
  6472 | D:6      | Reached skill level 1 in Crossbows
  6472 | D:6      | Reached skill level 1 in Invocations
  6675 | D:6      | Reached skill level 1 in Evocations
  6693 | D:6      | Noticed Duvessa
  6694 | D:6      | Noticed Dowan
  6703 | D:6      | Killed Duvessa
  6712 | D:6      | Killed Dowan
  7721 | D:6      | Slain by a very large slime creature

Illustrated notes

Levels and vault maps discovered:
D:1:      dpeg_arrival_shelter, layout_basic
D:2:      minmay_angry_zag, layout_basic, uniq_crazy_yiuf_cottage
D:3:      layout_loops_ring, amcnicky_altar_gilded, uniq_natasha
D:4:      layout_rooms, kennysheep_mini, overflow_temple_1_default,
          grunt_ministairs_9, kennysheep_generic_room_8, uniq_blork_the_orc,
          uniq_grinder
D:5:      layout_cave_pools, dk_yredelemnul_ordeal,
          nicolae_overflow_crystal_walls, palyth_stone_intersect,
          minmay_misc_feat_five, lightli_minifort, uniq_ijyb, uniq_pikel
D:6:      layout_cave_pools, uniq_duvessa
D:7:      layout_loops_corners, chei_slow_surprise, temple_fountains,
          minivault_11

Skill      XL: |  1  2  3  4  5  6  7  8  9 |
---------------+----------------------------+-----
Fighting       | 4 5 6 7 |  7.6
Axes           | 3 4 5 7 9 |  9.6
Armour         | 4 5 6 7 |  7.5
Shields        | 4 5 6 7 |  7.6
Crossbows      | 1 |  1.8
Invocations    | 1 |  1.5
Evocations     | 1 |  1.3

Action                   |  1- 3 |  4- 6 |  7- 9 || total
-------------------------+-------+-------+-------++-------
Melee: War axe           |    59 |   145 |   235 ||   439
       Headbutt          |    10 |    24 |    47 ||    81
Throw: Boomerang         |       |       |     2 ||     2
  Use: Potion            |     1 |       |     2 ||     3
       Scroll            |       |       |    15 ||    15
Armor: Scale mail        |    22 |    72 |   120 ||   214
Dodge: Dodged            |    15 |    58 |   102 ||   175
Block: Kite shield       |    26 |    91 |   170 ||   287

Table legend: (Time is in decaauts)
 A = Elapsed time spent in this place.
 B = Non-inter-level travel time spent in this place.
 C = Inter-level travel time spent in this place.
 D = Time resting spent in this place.
 E = Time spent auto-exploring this place.
 F = Levels seen in this place.
 G = Mean time per level.
                   A        B        C        D        E       F      G
               +--------+--------+--------+--------+--------+-----+--------+
         Total |   7911 |   7703 |    208 |   2384 |   4139 |   7 | 1130.1 |
       Dungeon |   7911 |   7703 |    208 |   2384 |   4139 |   7 | 1130.1 |
               +--------+--------+--------+--------+--------+-----+--------+

Top non-repeatable levels by time:
     D:5: 2248 daAuts
     D:2: 1819 daAuts
     D:3: 1292 daAuts
     D:6: 795 daAuts
     D:7: 789 daAuts
     D:1: 627 daAuts
     D:4: 338 daAuts
